 Dungeon Crawl Stone Soup version 0.22-a0-368-g870eee8 (webtiles) character file.

7249 Kikal the Covert (level 10, -1/77 HPs)
             Began as a Vampire Necromancer on Apr 22, 2018.
             Was a Priest of Kikubaaqudgha.
             Slain by a two-headed ogre
             ... wielding a +0 giant spiked club
              (23 damage)
             ... on level 9 of the Dungeon on Apr 23, 2018.
             The game lasted 01:00:10 (12734 turns).

Kikal the Covert (Vampire Necromancer)             Turns: 12734, Time: 01:00:24

Health: -1/77      AC:  0    Str:  8    XL:     10   Next: 88%
Magic:  7/16       EV: 22    Int: 19    God:    Kikubaaqudgha [***...]
Gold:   289        SH:  0    Dex: 21    Spells: 5/18 levels left

rFire    . . .     SeeInvis +   (weapon currently unavailable)
rCold    . . .     Gourm    .   (shield currently unavailable)
rNeg     + . .     Faith    .   (armour currently unavailable)
rPois    .         Spirit   .   (helmet currently unavailable)
rElec    .         Reflect  .   (cloak currently unavailable)
rCorr    .         Harm     .   (gloves currently unavailable)
MR       +....                  (boots currently unavailable)
Stlth    +++++++...             (no amulet)
HPRegen  0.22/turn              (ring currently unavailable)
MPRegen  0.15/turn              (ring currently unavailable)

@: bat-form, flying, very quick
A: tiny, fangs 3, see invisible
a: End Transformation, Receive Corpses, Renounce Religion


You were on level 9 of the Dungeon.
You worshipped Kikubaaqudgha.
Kikubaaqudgha was most pleased with you.
You were not thirsty.
You were in vampire-bat-form.
You visited 2 branches of the dungeon, and saw 10 of its levels.

You collected 514 gold pieces.
You spent 225 gold pieces at shops.

Inventory:

Hand Weapons
 k - a +0 spear
 n - a +0 short sword
 w - a +4 dagger of flaming (melded)
 x - a +1 dagger of speed
 O - the +0 scimitar of Epoynk {protect, Str+2 Int+7 Dex+3}
   (You bought it in a shop on level 8 of the Dungeon)

   It protects the one who uses it against injury (+AC on strike).
   It affects your strength (+2).
   It affects your intelligence (+7).
   It affects your dexterity (+3).
 T - a +1 dagger of draining
Missiles
 i - 295 stones (quivered)
 s - 3 javelins of returning
 u - 21 tomahawks
Armour
 b - a +0 pair of gloves (melded)
 f - a +0 cloak (melded)
 o - a +0 leather armour (melded)
 E - a +0 pair of boots (melded)
 Q - a +2 helmet (melded)
 R - +0 steam dragon scales
Jewellery
 l - a +2 ring of protection (melded)
 I - the ring "Inigeplekk" (melded) {+Fly rC+}
   (You found it on level 7 of the Dungeon)

   [ring of flight]

   It protects you from cold.
   It lets you fly.
Wands
 C - a wand of iceblast (6)
 F - a wand of paralysis (11)
 G - a wand of digging (12)
 P - a wand of scattershot (2)
Scrolls
 a - a scroll of torment {unknown}
 c - 4 scrolls of amnesia
 d - 2 scrolls of immolation
 e - 3 scrolls of magic mapping
 g - a scroll of acquirement {unknown}
 h - 3 scrolls of enchant weapon
 j - 5 scrolls of teleportation
 q - 2 scrolls of fear
 r - a scroll of blinking {unknown}
 v - a scroll of noise {unknown}
 y - a scroll of summoning {unknown}
 B - a scroll of remove curse
 L - a scroll of fog {unknown}
 M - a scroll of random uselessness {unknown}
Potions
 m - 5 potions of curing
 p - a potion of berserk rage {unknown}
 t - a potion of brilliance
 z - 3 potions of flight
 A - a potion of haste
 D - a potion of lignification
 H - a potion of ambrosia
 J - a potion of might {unknown}
 K - 5 potions of blood
 N - a potion of resistance {unknown}
Miscellaneous
 S - a lightning rod (4/4)


   Skills:
 + Level 6.9 Fighting
 - Level 10.0 Short Blades
 + Level 2.5 Armour
 + Level 3.4 Dodging
 - Level 12.0 Stealth
 - Level 4.5 Spellcasting
 - Level 8.3 Necromancy
 + Level 0.3 Earth Magic


You had 5 spell levels left.
You knew the following spells:

 Your Spells              Type           Power        Failure   Level  Hunger
a - Pain                  Necr           ####         1%          1    None
b - Vampiric Draining     Necr           #####.....   1%          3    ###....
c - Animate Dead          Necr           N/A          4%          4    ####...
d - Borgnjor's Vile Clut  Necr/Erth      ###.......   52%         5    ######.


Dungeon Overview and Level Annotations

Branches:
Dungeon (9/15)             Temple (1/1) D:4            Lair (0/6) D:9
    Orc: D:9-12

Altars:
Ashenzari
Cheibriados
Dithmenos
Elyvilon
Fedhas
Gozag
Hepliaklqana
Kikubaaqudgha
Makhleb
Nemelex Xobeh
Okawaru
Qazlal
Ru
Sif Muna
Uskayaw
Wu Jian
Xom
Zin
The Shining One
Jiyva

Shops:
D:8 (

Annotations:
D:8 1 transporter, exclusion: 3 killer bees


Innate Abilities, Weirdness & Mutations

You have razor-sharp teeth.
You have supernaturally acute eyesight. (SInv)
((You can survive without breathing.))


Message History

The two-headed ogre writhes in agony!
The two-headed ogre hits you with a giant spiked club!!
The two-headed ogre hits you with a giant spiked club!
* * * LOW HITPOINT WARNING * * *
Your adder zombie bites the two-headed ogre.
You take 38 damage, and have 22/77 hp.
MASSIVE DAMAGE!!
Your adder zombie bites the two-headed ogre.
You turn into a vampire bat.
Your +4 dagger of flaming melds into your body.
Your +0 cloak melds into your body.
Your +2 helmet melds into your body.
Your +0 pair of gloves melds into your body.
Your +0 pair of boots melds into your body.
Your +0 leather armour melds into your body.
The ring "Inigeplekk" {+Fly rC+} melds into your body.
Your +2 ring of protection melds into your body.
Your +4 dagger of flaming stops flaming.
Your adder zombie bites the two-headed ogre.
The two-headed ogre hits you with a giant spiked club!!
You die...
Kikubaaqudgha rasps: "You have failed me!
Welcome... oblivion!"

....... ....... .......
####....... ......... #
......
#.#######)Z#######
#....)...O........
#......((b......>.
#.#######.........
#..###### #.# #..# #.#
#..#########.#
######............####
.....................
.........#######...#
.).......#######...####


You could see a two-headed ogre and a friendly adder zombie.

Vanquished Creatures
  2 two-headed ogres
  The ghost of tilp the Frost Mage, a novice MfIE of Makhleb (D:8)
  4 yaks
  A human (D:7)
  3 hogs
  2 porcupines (D:9)
  3 ice beasts
  2 orc warriors
  2 sky beasts (D:8)
  A phantom (D:5)
  An ogre (D:4)
  A black bear (D:9)
  2 crocodiles (D:9)
  7 centaurs
  4 bullfrogs
  4 scorpions
  7 wights
  5 howler monkeys
  3 crimson imps
  A bullfrog zombie (D:7)
  A centaur zombie (D:3)
  4 hounds
  2 quasits
  A bullfrog skeleton (D:4)
  A centaur skeleton (D:5)
  2 jellies
  6 orc priests
  9 orc wizards
  Terence (D:2)
  An iguana (D:5)
  5 worker ants
  A killer bee zombie (D:7)
  A worker ant zombie (D:7)
  4 gnolls
  6 adders
  4 oozes
  An adder skeleton (D:5)
  An adder zombie (D:6)
  A worm (D:2)
  A dart slug (D:2)
  4 leopard geckos
  29 orcs
  6 ball pythons
  5 giant cockroaches
  9 goblins
  8 hobgoblins
  8 jackals (D:3)
  5 bats
  4 frilled lizards
  A jackal zombie (D:6)
  5 kobolds
  10 rats
203 creatures vanquished.

Vanquished Creatures (collateral kills)
  2 yaks (D:9)
  A steam dragon (D:9)
  An ogre (D:7)
  A bullfrog (D:8)
  A scorpion (D:9)
  2 orc wizards (D:9)
  A bullfrog skeleton (D:7)
  An orc priest (D:7)
  An iguana (D:9)
  A worm (D:4)
  An orc (D:9)
  A jackal (D:3)
  A bat (D:3)
  A frilled lizard (D:3)
  A plant (D:9)
17 creatures vanquished.

Vanquished Creatures (others)
  A fungus (D:9)
  A plant (D:9)
2 creatures vanquished.

Grand Total: 222 creatures vanquished

Notes
Turn   | Place    | Note
-------+----------+-------------------------------------------
     0 | D:1      | Kikal the Vampire Necromancer began the quest for the Orb.
     0 | D:1      | Reached XP level 1. HP: 13/13 MP: 3/3
   303 | D:1      | Reached XP level 2. HP: 11/19 MP: 3/5
   599 | D:1      | Reached skill level 5 in Necromancy
   772 | D:1      | Reached XP level 3. HP: 14/24 MP: 1/6
   800 | D:1      | You fall through a shaft!
   950 | D:2      | Learned a level 3 spell: Vampiric Draining
  1373 | D:2      | Noticed Terence
  1400 | D:2      | Killed Terence
  1400 | D:2      | Reached XP level 4. HP: 30/30 MP: 3/8
  1520 | D:2      | Learned a level 4 spell: Animate Dead
  1906 | D:3      | Found an iron altar of Okawaru.
  1952 | D:3      | Found a sparkling altar of Nemelex Xobeh.
  2072 | D:3      | Reached skill level 1 in Short Blades
  2506 | D:3      | Reached XP level 5. HP: 35/35 MP: 9/9
  2845 | D:3      | Reached skill level 4 in Stealth
  3151 | D:3      | Reached XP level 6. HP: 36/41 MP: 10/10
  3369 | D:4      | Found a hide-covered altar of Uskayaw.
  3369 | D:4      | Noticed a dagger
  3369 | D:4      | Noticed a hand axe
  3401 | D:4      | Found a staircase to the Ecumenical Temple.
  3410 | Temple   | Entered the Ecumenical Temple
  3514 | Temple   | Became a worshipper of Kikubaaqudgha
  3617 | D:4      | Reached skill level 5 in Stealth
  3802 | D:4      | Reached skill level 1 in Fighting
  3991 | D:4      | Found a hazy altar of Hepliaklqana.
  4187 | D:4      | Reached XP level 7. HP: 49/49 MP: 11/11
  4532 | D:4      | Upgraded the game from 0.22-a0-367-gb72a975 to 0.22-a0-368-g870eee8
  4533 | D:5      | Entered Level 5 of the Dungeon
  4617 | D:5      | Reached skill level 6 in Stealth
  4644 | D:5      | Reached * piety under Kikubaaqudgha
  4644 | D:5      | Identified Kikubaaqudgha's Collected Works on Necromancy (Kikubaaqudgha gifted it to you on level 5 of the Dungeon)
  4644 | D:5      | Received a gift from Kikubaaqudgha
  4803 | D:5      | Reached skill level 5 in Short Blades
  4803 | D:5      | Reached skill level 7 in Stealth
  5159 | D:5      | Reached XP level 8. HP: 43/56 MP: 12/12
  5345 | D:5      | Reached skill level 8 in Stealth
  5634 | D:5      | Found a stormy altar of Qazlal.
  5634 | D:5      | Found a glowing silver altar of Zin.
  5635 | D:5      | Found a blossoming altar of Fedhas.
  6402 | D:6      | Reached skill level 9 in Stealth
  8706 | D:6      | Reached skill level 10 in Stealth
  8795 | D:7      | Got an ancient amber ring
  8797 | D:7      | Identified the ring "Inigeplekk" {+Fly rC+} (You found it on level 7 of the Dungeon)
  8872 | D:7      | Found a glowing golden altar of the Shining One.
  8873 | D:7      | Found a white marble altar of Elyvilon.
  8932 | D:7      | Reached ** piety under Kikubaaqudgha
  8941 | D:7      | Reached XP level 9. HP: 53/62 MP: 8/15
 10096 | D:8      | Found Fuheutt's Antique Weapon Emporium.
 10099 | D:8      | Noticed tilp's ghost (novice MfIE)
 10103 | D:8      | Reached skill level 5 in Fighting
 10130 | D:8      | Killed tilp's ghost
 10130 | D:8      | Reached XP level 10. HP: 34/74 MP: 16/16
 10328 | D:8      | Bought a faintly glowing scimitar for 225 gold pieces
 10328 | D:8      | Identified the cursed +0 scimitar of Epoynk {protect, Str+2 Int+7 Dex+3} (You bought it in a shop on level 8 of the Dungeon)
 10690 | D:8      | Found a transporter.
 10693 | D:8      | Found a shattered altar of Ashenzari.
 11252 | D:8      | Found an opulent altar of Gozag.
 11414 | D:8      | Noticed a two-headed ogre
 11457 | D:8      | HP: 1/74 [two-headed ogre/giant club (16)]
 11459 | D:8      | Killed a two-headed ogre
 11459 | D:8      | Reached skill level 11 in Stealth
 11831 | D:8      | Found a viscous altar of Jiyva.
 12166 | D:9      | Found a staircase to the Lair.
 12256 | D:9      | Noticed a two-headed ogre
 12332 | D:9      | Reached skill level 10 in Short Blades
 12387 | D:9      | Reached skill level 1 in Armour
 12399 | D:9      | Reached skill level 12 in Stealth
 12507 | D:9      | Noticed a two-headed ogre
 12601 | D:9      | Killed a two-headed ogre
 12601 | D:9      | Reached *** piety under Kikubaaqudgha
 12601 | D:9      | Identified Kikubaaqudgha's Collected Works on Stolen Souls (Kikubaaqudgha gifted it to you on level 9 of the Dungeon)
 12601 | D:9      | Received a gift from Kikubaaqudgha
 12611 | D:9      | Learned a level 5 spell: Borgnjor's Vile Clutch
 12734 | D:9      | Slain by a two-headed ogre

Vault maps used:
D:1:      doesnt_arrival_eight_statues, st_stairs_11
D:2:      uniq_terence
D:3:      lemuel_crystal_altar, okawaru_metal_pillars_3, serial_forest,
          infiniplex_forest_corner_1, infiniplex_forest_clump_small,
          infiniplex_forest_lined_room_, infiniplex_forest_clump_double,
          infiniplex_forest_clump_diagonal, infiniplex_forest_3_way,
          infiniplex_forest_end_1
D:4:      dancing_weapons_uskayaw, lemuel_crystal_altar,
          minmay_temple_entry_junction
D:5:      gammafunk_temple_overflow_claw, first_ration
D:6:      minmay_misc_feat_tiny, kennysheep_generic_room_14
D:7:      gammafunk_temple_overflow_pools, grunt_livestock
D:8:      gammafunk_jiyva_shrine, ashenzari_altar_1, grunt_gozag_breadcrumbs,
          serial_shops, nicolae_shop_overgrown_old_shop
D:9:      minmay_lair_entry_grove
Temple:   minmay_temple_curvy_loop

Skill      XL: |  1  2  3  4  5  6  7  8  9 10 |
---------------+-------------------------------+-----
Necromancy     | 5 6 7 8 |  8.3
Spellcasting   | 3 4 |  4.5
Short Blades   | 1 2 3 5 7 9 10 | 10.0
Stealth        | 4 5 7 10 12 | 12.0
Fighting       | 1 2 5 6 |  6.9
Armour         | 2 |  2.5
Dodging        | 3 |  3.4
Earth Magic    | |  0.3

Action                   |  1- 3 |  4- 6 |  7- 9 | 10-12 || total
-------------------------+-------+-------+-------+-------++-------
Melee: Unarmed           |    48 |       |       |       ||    48
       Bite              |     6 |    21 |    38 |    13 ||    78
       Spear             |    41 |   178 |       |       ||   219
       Dagger            |       |    57 |   439 |    76 ||   572
       Scimitar          |       |       |       |    50 ||    50
 Cast: Pain              |    25 |    15 |    25 |    11 ||    76
       Vampiric Draining |     1 |    17 |    47 |    17 ||    82
       Animate Dead      |       |     6 |     4 |     9 ||    19
Invok: Receive Corpses   |       |       |       |     1 ||     1
 Abil: Bat Form          |       |       |       |     3 ||     3
       End Transformatio |       |       |       |     2 ||     2
Evoke: Wand              |       |       |       |     2 ||     2
  Use: Potion            |     9 |    11 |    16 |    10 ||    46
       Scroll            |       |       |     8 |     5 ||    13
 Stab: Sleeping          |     8 |     9 |    12 |    10 ||    39
       Distracted        |       |       |     2 |       ||     2
Armor: Robe              |    25 |       |       |       ||    25
       Leather armour    |    11 |    71 |   128 |    64 ||   274
Dodge: Dodged            |    54 |   123 |   222 |   107 ||   506
       Rpst.: Scimitar   |       |       |       |    11 ||    11

Table legend:
 A = Spawn XP
 B = Non-spawn XP
 C = Spawn XP percentage of total XP
 D = Spawn monster count
 E = Non-spawn monster count
 F = Spawn count percentage of total count
 G = Total turns spent on level
                    A         B        C        D         E        F      G
               +---------+---------+-------+---------+---------+-------+---------
         Total |       0 |   10357 |   0.0 |       0 |     219 |   0.0 | 12734
               +---------+---------+-------+---------+---------+-------+---------
           D:1 |       0 |      41 |   0.0 |       0 |      20 |   0.0 |   832
           D:2 |       0 |      94 |   0.0 |       0 |      20 |   0.0 |  1074
           D:3 |       0 |     258 |   0.0 |       0 |      43 |   0.0 |  1463
           D:4 |       0 |     409 |   0.0 |       0 |      16 |   0.0 |  1189
           D:5 |       0 |     832 |   0.0 |       0 |      22 |   0.0 |  1728
           D:6 |       0 |    1453 |   0.0 |       0 |      30 |   0.0 |  2491
           D:7 |       0 |    1596 |   0.0 |       0 |      21 |   0.0 |   873
           D:8 |       0 |    2741 |   0.0 |       0 |      21 |   0.0 |  2243
           D:9 |       0 |    2933 |   0.0 |       0 |      26 |   0.0 |   668
               +---------+---------+-------+---------+---------+-------+---------
